 Dungeon Crawl Stone Soup version 0.13.0 (console) character file.

2665871 azzkikr the Skullcrusher (level 27, 200/200 HPs)
             Began as a Gargoyle Berserker on Oct 9, 2013.
             Was the Champion of Trog.
             Escaped with the Orb
             ... and 6 runes on Oct 11, 2013!
             The game lasted 10:37:32 (152310 turns).

azzkikr the Skullcrusher (Gargoyle Berserker)     Turns: 152310, Time: 10:37:32

HP 200/200       AC 60     Str 31 (36) XL: 27
MP  26/26        EV 16     Int  6 (10) God: Trog [******]
Gold 10742       SH 43     Dex 11 (14) Spells:  0 memorised, 26 levels left

Res.Fire  : + + +   See Invis. : +   u - +4,+12 eveningstar of Doom {drain, rElec}
Res.Cold  : + + .   Warding    : .   d - +9 plate armour of the Abyss {Dex+3}
Life Prot.: + + .   Conserve   : +   k - +4 shield "Biazot" {rF+}
Res.Poison: +       Res.Corr.  : .   y - +2 hat of the Alchemist {rElec rF+ rC+ MR+}
Res.Elec. : +       Clarity    : +   n - +2 dwarf cloak
Sust.Abil.: . .     Spirit.Shd : .   v - +3 pair of gauntlets of War {Acc+5 Dam+5}
Res.Mut.  : .       Stasis     : .   i - +1 pair of orc boots {run}
Res.Rott. : +       Flight     : .   R - amulet of Night {Cons -Cast +Rage Dex+4 SInv}
Saprovore : . . .                    D - ring of protection from cold
                                     m - ring of Ciut {rF+ rN+ MR++ Int+2}

@: quick, incredibly resistant to hostile enchantments, extremely unstealthy
A: large and strong wings, fangs 1, talons 2, blurry vision 3, clarity, deformed
body, deterioration 2, -30% mp, life protection 1, sense surroundings 1,
screaming 1, electricity resistance, slow metabolism 1, spit poison 1,
unbreathing, petrification resistance, AC +21, Str +2, Dex -2
a: Spit Poison, Fly, Burn Spellbooks, Berserk, Trog's Hand, Brothers in Arms,
Renounce Religion, Evoke Berserk Rage
}: 6/15 runes: decaying, serpentine, slimy, silver, golden, abyssal


You escaped.
You worshipped Trog.
Trog was exalted by your worship.
You were not hungry.

You visited 14 branches of the dungeon, and saw 81 of its levels.
You visited Pandemonium 1 time, and saw 3 of its levels.
You visited the Abyss 5 times.
You also visited: Trove and Wizlab.

You collected 11818 gold pieces.
You spent 1096 gold pieces at shops.

Inventory:

Hand weapons
 a - a +7,+9 great mace of holy wrath
 h - the +6,+6 dire flail of Attainder {flame, Int+2}
   (Trog gifted it to you on level 23 of the Dungeon)

   It emits flame when wielded, causing extra injury to most foes and up to
   double damage against particularly susceptible opponents.
   It affects your intelligence (+2).
 u - the +4,+12 eveningstar of Doom (weapon) {drain, rElec}
   (Trog gifted it to you on level 3 of the Pits of Slime)

   A truly terrible weapon, it drains the life of those it strikes.
   It insulates you from electricity.
 z - the +7,+5 great mace of the Common Good {drain, +Inv MR++}
   (You found it on level 7 of the Lair of Beasts)

   A truly terrible weapon, it drains the life of those it strikes.
   It affects your resistance to hostile enchantments.
   It lets you turn invisible.
 A - the +10,+10 hand axe of Noiqo (quivered) {flame, +Blink rElec rC+ Dex+4}
   (You found it on level 5 of the Crypt)

   It emits flame when wielded, causing extra injury to most foes and up to
   double damage against particularly susceptible opponents.
   Big, fiery blades are also staple armaments of hydra-hunters.
   It affects your dexterity (+4).
   It protects you from cold.
   It insulates you from electricity.
   It lets you blink.
 K - the +4,+8 great mace "Newtslayer" {freeze, rPois}
   (You bought it in a shop on level 4 of the Orcish Mines)

   It has been specially enchanted to freeze those struck by it, causing extra
   injury to most foes and up to double damage against particularly susceptible
   opponents.
   It can also slow down cold-blooded creatures.
   It protects you from poison.
 O - the +8,+12 great mace of Checks and Balances {crush, -Cast +Fly SInv}
   (Trog gifted it to you on level 13 of the Dungeon)

   It inflicts extra damage upon your enemies.
   It enhances your eyesight.
   It lets you fly.
   It prevents spellcasting.
Armour
 d - the +9 plate armour of the Abyss (worn) {Dex+3}
   (You found it on level 5 of the Snake Pit)

   It affects your dexterity (+3).
 i - a +1 pair of orcish boots of running (worn)
 k - the +4 shield "Biazot" (worn) {rF+}
   (You acquired it on level 1 of the Lair of Beasts)

   It protects you from fire.
 n - a +2 dwarven cloak (worn)
 v - the +3 pair of gauntlets of War (worn) {Acc+5 Dam+5}
   (You acquired it on level 2 of the Tomb of the Ancients)

   It affects your accuracy (+5).
   It affects your damage-dealing abilities (+5).
 y - the +2 hat of the Alchemist (worn) {rElec rF+ rC+ MR+}
   (You found it on level 3 of the Tomb of the Ancients)

   It protects you from fire.
   It protects you from cold.
   It insulates you from electricity.
   It affects your resistance to hostile enchantments.
Magical devices
 p - a wand of digging (16)
 F - a wand of polymorph (4)
 J - a wand of heal wounds (0)
 M - a wand of polymorph (4)
 N - a wand of draining (4)
 P - a wand of draining (3)
 U - a wand of digging (3)
Comestibles
 c - 13 bread rations
 t - 12 meat rations
Scrolls
 j - a scroll of enchant weapon I
 w - 2 scrolls of recharging
 B - 2 scrolls of identify
 E - a scroll of enchant armour
 Q - 2 scrolls of teleportation
 S - a scroll of vulnerability
Jewellery
 m - the ring of Ciut (left hand) {rF+ rN+ MR++ Int+2}
   (You found it on level 5 of the Lair of Beasts)

   [ring of positive energy]

   It affects your intelligence (+2).
   It protects you from fire.
   It affects your resistance to hostile enchantments.
 o - an uncursed amulet of guardian spirit
 r - an uncursed ring of teleport control
 s - an uncursed ring of positive energy
 x - an uncursed amulet of resist corrosion
 C - an uncursed amulet of resist mutation
 D - a ring of protection from cold (right hand)
 R - the amulet of Night (around neck) {Cons -Cast +Rage Dex+4 SInv}
   (You found it on level 5 of the Vaults)

   [amulet of conservation]

   It affects your dexterity (+4).
   It enhances your eyesight.
   It lets you go berserk.
   It prevents spellcasting.
 T - an uncursed ring of teleportation
 Z - the ring "Shrulai" {Fire Str+4 Dex+3}
   (You found it in a treasure trove)

   [ring of fire]

   It affects your strength (+4).
   It affects your dexterity (+3).
Potions
 b - 4 potions of agility
 e - 3 potions of resistance
 f - a potion of speed
 l - 8 potions of curing
 I - 2 potions of berserk rage
 L - a potion of might
 W - 2 potions of brilliance
 Y - a potion of magic
Orbs of Power
 G - the Orb of Zot


   Skills:
 - Level 26.8 Fighting
   Level 0.1 Short Blades
   Level 0.6 Long Blades
 - Level 12.4 Axes
 O Level 27 Maces & Flails
   Level 1.1 Polearms
 - Level 3.8 Throwing
 - Level 23.0 Armour
 * Level 23.1 Dodging
 - Level 3.6 Stealth
 O Level 27 Shields
 - Level 12.9 Evocations


You had 26 spell levels left.
You didn't know any spells.

Dungeon Overview and Level Annotations

Branches:
Dungeon (27/27)            Temple (0/1) D:5             Orc (4/4) D:8
    Elf (3/3) Orc:4          Lair (8/8) D:9           Swamp (5/5) Lair:4
  Snake (5/5) Lair:5        Slime (6/6) Lair:8       Vaults (5/5) D:18
  Blade (1/1) Vaults:4      Crypt (5/5)                Tomb (3/3) Crypt:2
    Coc (0/7) Hell            Tar (3/7) Hell            Zot (5/5) D:27
    Dis: Hell:1         Geh: Hell:1

Altars:
Ashenzari
Cheibriados
Elyvilon
Fedhas
Makhleb
Nemelex Xobeh
Sif Muna
Trog
Xom
Yredelemnul
the Shining One
Beogh
Jiyva

Shops:
Orc:1 /   Orc:4 *(=[   Elf:3 (%   Vaults:3 *(

Portals:
Hell: D:21 D:22 D:23 D:24 D:25 D:27
Abyss: D:21 D:23 D:24 D:25 D:27
Pandemonium: D:21 D:24 D:26

Annotations:
D:16 exclusion: ice statue
Lair:1 exclusion: oklob plant
Vaults:5 DONT JUST ENTER!


Innate Abilities, Weirdness & Mutations

You are resistant to torment.
You are immune to poison.
You can fly continuously.
Your stone body is very resilient (AC +20).
Your wings are large and strong.
You have very sharp teeth.
You have razor-sharp toenails.
You resist negative energy.
You are resistant to electric shocks.
You have a slow metabolism.
You can survive without breathing.
You are immune to petrification.
You are partially covered in icy blue scales (AC +1).
Your vision is extremely blurry.
You possess an exceptional clarity of mind.
You are clumsy. (Dex -2)
Armour fits poorly on your strangely shaped body.
Your body is deteriorating.
Your magical capacity is extremely low (-30% MP).
You passively map a small area around you.
You occasionally shout uncontrollably.
You can spit poison.
Your muscles are strong. (Str +2)


Message History

There is an open door here.
There is a stone staircase leading up here.
You climb upwards.
You sense a powerful magical force warping space.
There is a stone staircase leading down here.
There is a stone staircase leading up here.
You climb upwards.
You sense a powerful magical force warping space.
There is a stone staircase leading down here.
An ooze comes into view.
The ooze quivers.
The ooze hits you but does no damage.
You barely miss the ooze. You block the ooze's attack.
You completely miss the ooze. Your bite misses the ooze.
You spit the ooze like a pig!!!
You kill the ooze!
Trog accepts your kill.
There is an open door here.
There is a staircase leading out of the dungeon here.
You have escaped!

♣.............)..........# #...##
♣........................###...#
.♣##....###.###................#
.♣#####.# #.# #..........###...#
♣♣# #.# #.# #..........# #...#
♣♣## #.# #.# #..........# #...#
.P♣# #.###.###..........# #...#
..♣## #......##..........# #...#
♣...###......#######.##..# #...#
.♣♣..........##...##.....# #...#
#######.......+.@.'......###.####
#######.......#...#......##......
..............#####[........>....
#######....................>.....
#######......#.####..............
........######.####..............
).......##.................######
...........................#
.......###.................#
######## ###################


There were no monsters in sight!

Vanquished Creatures
  5 orbs of fire
  Khufu (Crypt:2)
  5 ancient liches
  4 pandemonium lords
  25 greater mummies
  Saint Roka (Vaults:4)
  Boris (Crypt:2)
  the royal jelly (Slime:6)
  Sojobo (D:23)
  Margery (Vaults:4)
  Norris (Swamp:3)
  Mara (Vaults:4)
  Geryon (Hell)
  3 golden dragons
  11 Killer Klowns
  A curse toe (Crypt:5)
  2 profane servitors (Abyss:5)
  2 electric golems (Zot:5)
  Xtahua (Crypt:4)
  Frederick (Crypt:5)
  Nikola (Elf:3)
  12 bone dragons
  2 Brimstone Fiends
  2 Ice Fiends
  6 Hell Sentinels
  2 hellephants
  34 Orb Guardians
  2 quicksilver dragons
  8 tentacled monstrosities
  3 titans
  12 liches
  A deep elf blademaster (D:25)
  67 acid blobs
  12 Shadow Fiends
  A deep elf master archer (D:25)
  7 sphinxes
  13 storm dragons
  9 ancient champions
  8 tengu reavers
  Rupert (D:19)
  Agnes (D:21)
  A daeva (Abyss:5)
  Frances (D:19)
  11 shadow dragons
  Kirke (Elf:3)
  7 Executioners
  A shadow dragon (shapeshifter) (Vaults:5)
  Roxanne (Swamp:1)
  4 revenants
  4 draconian monks
  A fire giant (shapeshifter) (D:26)
  2 deep elf sorcerers
  6 ghouls
  Donald (Crypt:1)
  4 frost giants
  Wiglaf (Crypt:2)
  7 fire giants
  A draconian scorcher (Zot:3)
  3 draconian knights
  39 azure jellies
  13 vault wardens
  Aizul (Vaults:3)
  21 tentacled starspawn
  4 cacodemons
  3 curse skulls
  Gastronok (D:8)
  2 balrugs
  3 draconian zealots
  Jorgrun (Elf:3)
  7 greater nagas (Snake:5)
  18 reapers
  45 stone giants
  4 draconian annihilators
  6 vampire knights
  7 blizzard demons
  9 eidola
  16 grey draconians
  7 draconian callers
  8 deep elf demonologists
  2 draconian shifters
  6 green draconians
  3 lorocyprocas
  Azrael (Elf:3)
  7 yellow draconians
  8 red draconians
  13 mottled draconians
  6 green deaths
  6 purple draconians
  2 black draconians
  An unborn (Vaults:3)
  9 white draconians
  8 deep elf annihilators
  12 pale draconians
  35 death oozes
  7 deep elf death magi
  33 vault guards
  Snorg (Swamp:1)
  2 dire elephants
  8 ettins
  24 mummy priests
  19 jiangshi
  8 death cobs
  13 ironheart preservers
  7 great orbs of eyes
  50 yaktaur captains
  Fannar (Elf:2)
  Harold (Lair:3)
  A ravenous item mimic (Vaults:5)
  2 ravenous feature mimics
  7 anacondas
  11 ice dragons
  24 hydras
  A hydra (shapeshifter) (Vaults:5)
  Erica (Swamp:1)
  8 deep troll earth magi
  6 deep elf high priests
  7 alligators
  8 dragons
  15 ogre magi
  9 death yaks
  14 dancing weapons
  6 deep dwarf death knights
  A plague shambler (Crypt:1)
  14 thrashing horrors
  3 rakshasas
  13 deep troll shamans
  4 spectral stone giants
  A spectral storm dragon (Zot:4)
  11 wretched stars
  18 sun demons
  15 naga warriors
  4 orc high priests
  3 catoblepae
  17 very ugly things
  3 fire crabs
  7 vampire magi
  27 centaur warriors
  3 spectral elves
  74 large abominations
  2 iron golems (Hell)
  80 skeletal warriors
  29 soul eaters
  A fire crab (shapeshifter) (Abyss:5)
  8 ice devils
  10 iron trolls
  4 shadow demons
  46 deep trolls
  18 shadow wraiths
  2 storm dragon zombies
  35 deep elf knights
  3 hell beasts
  2 storm dragon skeletons
  6 spatial maelstroms
  20 hell knights
  6 unseen horrors
  5 giant orange brains
  8 swamp dragons
  An anaconda zombie (Crypt:4)
  8 death drakes
  5 shadow dragon zombies
  3 deathcaps (Crypt:5)
  4 ice statues
  24 flayed ghosts
  7 hellions
  A hill giant (shapeshifter) (Vaults:5)
  A sea snake (shapeshifter) (Vaults:4)
  10 flaming corpses
  25 giant amoebae
  An unseen horror (shapeshifter) (Vaults:2)
  19 orc knights
  14 hill giants
  A spectral hydra (Crypt:5)
  A golden dragon skeleton (Crypt:1)
  8 orc sorcerers
  3 wolf spider zombies
  12 ironbrand convokers
  4 harpies (Vaults:5)
  3 lindwurms
  A spectral ettin (Tomb:2)
  5 red wasps
  A cyclops (shapeshifter) (Vaults:5)
  A frost giant zombie (Crypt:1)
  7 oklob plants
  3 fire giant zombies
  15 deep elf conjurers
  3 wolf spiders
  8 necromancers
  27 phantasmal warriors
  A sphinx zombie (Vaults:2)
  A draconian zombie (Zot:5)
  A wolf spider (shapeshifter) (Abyss:5)
  8 shadow dragon skeletons
  A sphinx skeleton (Crypt:2)
  14 stone giant zombies
  2 griffons (shapeshifter)
  4 wizards
  12 shining eyes
  35 small abominations
  16 cyclopes
  4 apocalypse crabs (Abyss:1)
  A spectral ice dragon (Crypt:5)
  11 elephants
  11 spiny worms
  6 griffons
  20 sixfirhies
  27 black mambas
  20 guardian serpents
  A stone golem (WizLab)
  Maurice (D:8)
  A satyr zombie (Crypt:3)
  6 deep elf summoners
  8 tormentors
  A dire elephant zombie (Crypt:4)
  18 stone giant skeletons
  4 frost giant skeletons
  5 fire giant skeletons
  17 moths of wrath
  35 orange demons
  2 vapours
  13 spiny frogs
  A feature mimic (Elf:1)
  13 vault sentinels
  2 eyes of devastation
  A spectral iron troll (Tomb:2)
  Psyche (Orc:4)
  7 fire drakes
  A spectral redback (Crypt:5)
  9 demonic crawlers
  2 dire elephant skeletons
  48 hellwings
  An ancient bear zombie (Crypt:3)
  49 smoke demons
  18 komodo dragons
  3 wandering mushrooms
  89 yaktaurs
  A spectral human (Crypt:4)
  16 naga magi
  27 red devils
  7 efreet
  A mottled draconian skeleton (Abyss:5)
  Grinder (D:4)
  2 spectral glowing shapeshifters
  21 iron devils
  8 death drake zombies
  A jumping spider (shapeshifter) (Vaults:5)
  15 deep elf priests
  A komodo dragon (shapeshifter) (D:25)
  2 silent spectres
  110 guardian mummies
  13 ancient zymes
  2 burning bushes (Zot:4)
  6 giant leeches
  20 two-headed ogres
  4 giant fireflies (Lair:8)
  A shadow dragon simulacrum (D:25)
  21 blue devils
  A wind drake (shapeshifter) (D:20)
  A trapdoor spider zombie (Crypt:2)
  A sphinx simulacrum (Crypt:5)
  21 trolls
  24 blink frogs
  A baby alligator (shapeshifter) (D:17)
  10 death drake skeletons
  25 brown oozes
  2 wind drakes
  3 baby alligators (Swamp:2)
  A fire giant simulacrum (Crypt:5)
  A raven (shapeshifter) (Vaults:2)
  127 slime creatures
  A dryad zombie (Crypt:4)
  A giant amoeba zombie (Hell)
  2 guardian serpent zombies
  4 stone giant simulacra
  6 bog bodies
  2 dragon zombies
  3 griffon zombies
  12 boulder beetles
  37 shadows
  11 ettin skeletons
  3 ettin zombies
  A griffon skeleton (D:17)
  5 basilisks
  A snapping turtle (shapeshifter) (Vaults:5)
  118 ugly things
  An ice dragon zombie (Crypt:1)
  13 redbacks
  A blink frog (shapeshifter) (Vaults:5)
  37 wraiths
  3 fire elementals
  8 metal gargoyles (Hell)
  21 vampires
  An air elemental (WizLab)
  2 wyverns
  2 guardian serpent skeletons
  2 giant firefly zombies
  2 trapdoor spiders (shapeshifter)
  2 frost giant simulacra
  11 chaos spawn
  A dire elephant simulacrum (Crypt:5)
  A dryad skeleton (Crypt:1)
  A yak (shapeshifter) (D:27)
  4 hill giant zombies
  A redback (shapeshifter) (Vaults:5)
  31 deep elf magi
  74 flying skulls
  3 elephant slugs
  2 tarantellas
  A human (shapeshifter) (D:21)
  Eustachio (Orc:2)
  A satyr simulacrum (Crypt:5)
  40 neqoxecs
  A water nymph skeleton (Crypt:1)
  11 golden eyes
  69 yaks
  Grum (D:8)
  A draconian skeleton (Crypt:2)
  24 ynoxinuls
  An ancient bear simulacrum (Crypt:5)
  15 hippogriffs
  A golden eye (shapeshifter) (Abyss:5)
  3 steam dragons
  46 vampire mosquitoes
  56 deep elf fighters
  A human zombie (Tar:1)
  5 hogs (Elf:3)
  A manticore (shapeshifter) (Abyss:5)
  3 hill giant skeletons
  6 rock worms
  Edmund (D:8)
  44 swamp worms
  Menkaure (D:4)
  14 necrophages
  7 porcupines
  27 hungry ghosts
  46 freezing wraiths
  2 iron troll simulacra
  3 manticores
  A soldier ant (shapeshifter) (Elf:3)
  11 wolves
  A deep troll zombie (Tomb:3)
  6 mottled dragons
  18 hell hounds
  10 spatial vortices
  A death drake simulacrum (Tar:1)
  A soldier ant (D:19)
  A deep troll skeleton (Vaults:4)
  22 ice beasts
  4 giant goldfish
  22 swamp drakes
  An ettin simulacrum (Tomb:1)
  A faun skeleton (Crypt:2)
  78 nagas
  53 orc warriors
  5 sky beasts
  3 black bears
  A spiny frog skeleton (Crypt:5)
  A dryad simulacrum (Crypt:5)
  16 starcursed masses (Abyss:1)
  42 centaurs
  71 ogres
  2 tengu (D:14)
  A lindwurm skeleton (Crypt:3)
  5 phantoms
  7 yellow wasps
  2 lost souls
  A wind drake simulacrum (Crypt:5)
  3 lava worms (Hell)
  2 boring beetles
  A vampire mosquito zombie (Hell)
  2 boring beetles (shapeshifter)
  14 crocodiles
  Sigmund (D:4)
  An ugly thing zombie (Hell)
  8 rotting devils
  9 big kobolds
  A spectral boulder beetle (Crypt:4)
  15 wargs
  5 yaktaur zombies
  44 water moccasins
  Blork the orc (D:4)
  6 giant slugs
  A silver statue (Vaults:4)
  A water moccasin (shapeshifter) (Abyss:5)
  A komodo dragon skeleton (D:12)
  8 brain worms
  2 earth elementals
  A yaktaur skeleton (Crypt:2)
  14 agate snails
  29 insubstantial wisps
  A manticore skeleton (D:14)
  2 glowing shapeshifter simulacra
  A spectral rock worm (Crypt:5)
  2 deep troll simulacra (Crypt:5)
  21 giant frogs
  A grizzly bear zombie (Crypt:4)
  2 cyclops skeletons
  20 killer bees
  4 boulder beetle zombies
  10 eyes of draining
  A spectral crocodile (Crypt:5)
  A pulsating lump (shapeshifter) (Vaults:5)
  14 jellyfish
  3 fire bats (Abyss:1)
  3 lava fish (Lair:4)
  A troll zombie (D:12)
  A yak zombie (D:9)
  A hippogriff skeleton (Crypt:1)
  3 pulsating lumps
  63 wights
  10 quasits
  3 lava snakes
  A centaur zombie (D:11)
  15 electric eels
  2 oklob saplings (Zot:4)
  A yak skeleton (Crypt:5)
  6 hounds
  A spider (Vaults:5)
  27 crimson imps
  A giant slug simulacrum (Crypt:5)
  A giant frog zombie (D:13)
  6 scorpions
  A two-headed ogre zombie (D:13)
  Crazy Yiuf (D:4)
  26 jellies
  An octopode zombie (Abyss:1)
  32 orc wizards
  21 big fish
  12 iron imps
  21 orc priests
  17 worker ants
  A yak simulacrum (Crypt:5)
  6 iguanas
  3 yaktaur simulacra
  15 orange rats
  2 boulder beetle simulacra (Crypt:5)
  A lightning spire (Zot:4)
  A gnome zombie (Crypt:4)
  A sky beast zombie (Abyss:5)
  29 sheep
  2 brain worm zombies
  3 tengu skeletons
  A necrophage skeleton (Tar:1)
  A hound zombie (D:7)
  A gnome skeleton (Crypt:2)
  A mottled dragon skeleton (D:15)
  A worker ant zombie (D:11)
  5 boggarts
  61 mummies
  A swamp drake zombie (Crypt:1)
  3 gnolls (Orc:3)
  2 orange rat skeletons
  A spectral electric eel (Hell)
  48 adders
  55 green rats
  A tengu simulacrum (Abyss:1)
  An adder (shapeshifter) (D:27)
  7 giant centipedes
  An orc zombie (Vaults:3)
  A steam dragon skeleton (Crypt:2)
  14 lemures
  A sky beast simulacrum (Abyss:1)
  10 humans
  An orange rat simulacrum (Hell)
  A goliath beetle zombie (D:11)
  26 worms
  2 giant mites
  A worm (shapeshifter) (D:25)
  11 shadow imps
  74 ufetubi
  18 white imps
  6 goliath beetles
  An adder skeleton (D:5)
  2 grey rats (Orc:2)
  2 halfling skeletons
  A halfling zombie (Crypt:3)
  An iguana skeleton (Crypt:2)
  A sheep skeleton (Crypt:4)
  10 giant eyeballs
  A giant gecko (shapeshifter) (D:27)
  13 giant geckos
  10 oozes
  166 orcs
  6 giant cockroaches
  24 goblins
  18 hobgoblins
  30 jackals
  11 quokkas
  A ball python skeleton (Crypt:3)
  30 bats
  A giant gecko skeleton (Crypt:1)
  A giant gecko zombie (Crypt:4)
  5 giant newts
  3 giant spores
  A goblin zombie (Orc:4)
  A hobgoblin skeleton (D:4)
  A hobgoblin zombie (D:8)
  6 illusory rakshasas
  53 kobolds
  A kobold skeleton (D:7)
  A lava orc zombie (Crypt:4)
  26 rats
  3 rat skeletons
  A rat zombie (D:6)
  19 ballistomycetes
  A bush (Lair:8)
  12 fungi
  5 plants
  19 starspawn tentacles
5429 creatures vanquished.

Vanquished Creatures (collateral kills)
  Mennas (Crypt:1)
  A bone dragon (Crypt:4)
  2 acid blobs
  A storm dragon (Zot:1)
  2 sphinxes (Tomb:1)
  A shadow dragon (Zot:2)
  An orc warlord (Orc:4)
  A fire giant (Vaults:3)
  3 vault wardens
  A stone giant (Vaults:5)
  A draconian annihilator (Zot:1)
  5 greater nagas (Snake:5)
  A vault guard (Vaults:1)
  A purple draconian (Zot:2)
  A yaktaur captain (Vaults:4)
  An ironheart preserver (Vaults:1)
  An ogre mage (D:17)
  2 rakshasas
  A plague shambler (Crypt:4)
  A deep dwarf death knight (Vaults:3)
  A deep troll earth mage (D:22)
  2 naga warriors (Snake:5)
  3 skeletal warriors (Crypt:4)
  A shadow wraith (Zot:4)
  A hell knight (Vaults:4)
  A deep troll (D:22)
  A hill giant (Vaults:1)
  An ironbrand convoker (Vaults:1)
  3 orc knights
  2 phantasmal warriors (Crypt:4)
  An orc sorcerer (Orc:1)
  A vault sentinel (Vaults:1)
  An orange demon (Pan)
  8 yaktaurs
  3 two-headed ogres (D:17)
  A blink frog (WizLab)
  4 slime creatures (Slime:5)
  A flying skull (Zot:4)
  An ettin skeleton (Vaults:4)
  2 yaks (Lair:3)
  A wraith (Zot:4)
  2 shadows
  A vampire (Crypt:1)
  4 ugly things (Vaults:1)
  A black draconian simulacrum (Zot:4)
  A spatial vortex (WizLab)
  A hungry ghost (Zot:4)
  3 vampire mosquitoes (D:17)
  2 wolves (D:8)
  2 mottled dragons
  2 freezing wraiths
  A moth of wrath simulacrum (Zot:4)
  5 orc warriors
  4 nagas (Snake:5)
  4 ogres (D:17)
  2 yaktaur zombies (D:24)
  2 wargs (D:17)
  2 water moccasins (Lair:3)
  4 orc priests
  3 orc wizards
  A spider (Vaults:5)
  A worker ant (Vaults:5)
  A killer bee zombie (D:9)
  A lemure (WizLab)
  18 orcs
  A goblin (Orc:2)
  2 illusory rakshasas (WizLab)
  2 orc zombies (D:24)
142 creatures vanquished.

Vanquished Creatures (others)
  An ancient lich (Zot:5)
  2 eldritch tentacles
  A deep elf sorcerer (Elf:3)
  A draconian knight (Zot:1)
  A stone giant (Vaults:1)
  A deep elf demonologist (Elf:3)
  A deep elf annihilator (Elf:3)
  A deep elf death mage (Elf:3)
  2 iron trolls
  3 hill giants
  A large abomination (Abyss:5)
  2 deep trolls
  A black mamba (Snake:5)
  3 guardian mummies (Tomb:2)
  4 trolls
  An iron devil (D:27)
  3 two-headed ogres
  3 yaks (D:14)
  A deep elf fighter (Elf:3)
  A swamp drake (Zot:1)
  An orc warrior (D:26)
  4 ogres
  A rotting devil (Zot:5)
  13 lost souls
  A chimera (D:25)
  2 wights (Tar:2)
  A killer bee (Vaults:5)
  A crimson imp (Zot:1)
  A quasit (Zot:1)
  An orc priest (D:8)
  An orc wizard (D:8)
  An orange rat (Elf:2)
  A brain worm zombie (Tomb:1)
  2 mummies (Tomb:1)
  3 shadow imps
  A worm (Lair:8)
  3 ufetubi
  An orc (D:8)
  A hobgoblin (D:8)
  2 giant spores (D:7)
  A kobold (D:8)
  2 lurking horrors (Abyss:1)
  A butterfly (Vaults:5)
  1976 eldritch tentacle segments
  8 fungi
  2 plants
  38 starspawn tentacles
  69 starspawn tentacle segments
2173 creatures vanquished.

Grand Total: 7744 creatures vanquished

Notes
Turn   | Place    | Note
--------------------------------------------------------------
     0 | D:1      | azzkikr, the Gargoyle Berserker, began the quest for the Orb.
     0 | D:1      | Reached XP level 1. HP: 14/14 MP: 0/0
    57 | D:1      | Reached XP level 2. HP: 16/19 MP: 1/1
   522 | D:1      | Reached XP level 3. HP: 24/24 MP: 2/2
   656 | D:1      | Acquired Trog's second power
   779 | D:2      | Found a shattered altar of Ashenzari.
   846 | D:2      | Found a glowing golden altar of the Shining One.
   903 | D:2      | Reached skill level 4 in Fighting
  1083 | D:2      | Found a white marble altar of Elyvilon.
  1282 | D:2      | Reached XP level 4. HP: 15/29 MP: 3/3
  2474 | D:3      | Reached XP level 5. HP: 29/33 MP: 4/4
  2607 | D:3      | Reached skill level 1 in Shields
  2616 | D:3      | Reached skill level 1 in Stealth
  3128 | D:4      | Noticed Blork the orc
  3195 | D:4      | Killed Blork the orc
  3195 | D:4      | Reached XP level 6. HP: 39/39 MP: 5/5
  3434 | D:4      | Acquired Trog's third power
  3480 | D:4      | Noticed Menkaure
  3488 | D:4      | Killed Menkaure
  3508 | D:4      | Noticed Crazy Yiuf
  3513 | D:4      | Killed Crazy Yiuf
  3513 | D:4      | Reached XP level 7. HP: 44/44 MP: 6/6
  3593 | D:4      | Noticed Grinder
  3610 | D:4      | Killed Grinder
  3610 | D:4      | Reached skill level 5 in Maces & Flails
  3784 | D:4      | Noticed Sigmund
  3797 | D:4      | Killed Sigmund
  3974 | D:4      | Found a bloodstained altar of Trog.
  4270 | D:5      | Entered Level 5 of the Dungeon
  4369 | D:5      | Paralysed by a giant eyeball for 3 turns
  4373 | D:5      | Paralysed by a giant eyeball for 4 turns
  4530 | D:5      | Reached skill level 5 in Fighting
  4530 | D:5      | Reached skill level 5 in Dodging
  4530 | D:5      | Reached XP level 8. HP: 12/49 MP: 7/7
  5053 | D:5      | Reached skill level 6 in Maces & Flails
  5080 | D:5      | Found a deep blue altar of Sif Muna.
  5314 | D:5      | Found a staircase to the Ecumenical Temple.
  5547 | D:6      | Found a sparkling altar of Nemelex Xobeh.
  5721 | D:6      | Found a snail-covered altar of Cheibriados.
  5951 | D:7      | Reached skill level 7 in Maces & Flails
  5954 | D:7      | Reached XP level 9. HP: 54/54 MP: 8/8
  6022 | D:7      | Gained mutation: Your wings are large and strong. [potion of beneficial mutation]
  6364 | D:7      | Reached skill level 5 in Armour
  6883 | D:8      | Noticed Edmund
  6895 | D:8      | Killed Edmund
  6895 | D:8      | Reached skill level 8 in Maces & Flails
  7072 | D:7      | Reached skill level 1 in Throwing
  7333 | D:8      | Noticed Gastronok
  7663 | D:8      | Noticed Grum
  7921 | D:8      | Killed Grum
  8066 | D:8      | Reached XP level 10. HP: 44/60 MP: 6/9
  8191 | D:8      | Reached skill level 9 in Maces & Flails
  8491 | D:8      | Noticed Maurice
  8504 | D:8      | Killed Maurice
  9147 | D:8      | Reached skill level 5 in Shields
  9595 | D:8      | Received a gift from Trog
  9607 | D:8      | Found a staircase to the Orcish Mines.
  9620 | Orc:1    | Entered Level 1 of the Orcish Mines
 10187 | Orc:2    | Reached skill level 10 in Maces & Flails
 10437 | Orc:3    | Noticed an orc high priest
 10483 | Orc:1    | Found Fuam's Magical Wand Emporium.
 10483 | Orc:1    | Noticed an orc knight
 10483 | Orc:1    | Noticed an orc sorcerer
 10485 | Orc:1    | Noticed a soul eater
 10553 | Orc:1    | Killed an orc sorcerer
 11173 | D:9      | Found a staircase to the Lair.
 11178 | D:9      | Received a gift from Trog
 11302 | D:8      | Killed Gastronok
 11302 | D:8      | Reached XP level 11. HP: 66/66 MP: 7/10
 11451 | D:9      | Paralysed by a giant eyeball for 4 turns
 12141 | D:10     | Entered Level 10 of the Dungeon
 12297 | D:9      | Reached skill level 11 in Maces & Flails
 12641 | Lair:1   | Entered Level 1 of the Lair of Beasts
 13365 | Lair:1   | Found a blossoming altar of Fedhas.
 13459 | Lair:1   | Received a gift from Trog
 14024 | Lair:2   | Reached skill level 1 in Axes
 15401 | Lair:3   | Noticed Harold
 15409 | Lair:3   | Reached XP level 12. HP: 52/73 MP: 5/11
 15411 | Lair:3   | Killed Harold
 15411 | Lair:3   | Reached skill level 5 in Axes
 16278 | D:10     | Paralysed by a giant eyeball for 2 turns
 16760 | D:10     | Noticed a hill giant
 16765 | D:10     | Killed a hill giant
 18507 | D:12     | Received a gift from Trog
 19130 | D:13     | Reached skill level 10 in Fighting
 19368 | D:13     | Noticed an eight-headed hydra
 19383 | D:13     | Killed a nine-headed hydra
 19386 | D:13     | Reached XP level 13. HP: 80/80 MP: 9/12
 19498 | D:13     | Reached skill level 10 in Axes
 19806 | D:13     | Received a gift from Trog
 19806 | D:13     | Reached skill level 10 in Armour
 19816 | D:13     | Got an encrusted great mace {god gift}
 19823 | D:13     | Identified the great mace of Checks and Balances {god gift, crush, -Cast +Fly SInv} (Trog gifted it to you on level 13 of the Dungeon)
 20073 | D:14     | Entered Level 14 of the Dungeon
 20755 | D:14     | Reached skill level 12 in Maces & Flails
 21837 | D:15     | Entered Level 15 of the Dungeon
 21930 | D:15     | Reached XP level 14. HP: 83/88 MP: 13/13
 22617 | Orc:1    | Killed an orc knight
 22617 | Orc:1    | Reached skill level 13 in Maces & Flails
 23126 | Orc:4    | Entered Level 4 of the Orcish Mines
 23126 | Orc:4    | Found Effaegge's General Store.
 23126 | Orc:4    | Noticed Psyche
 23181 | Orc:3    | Received a gift from Trog
 23207 | Orc:3    | Found a roughly hewn altar of Beogh.
 23227 | Orc:3    | Killed an orc high priest
 24340 | Orc:4    | Noticed an orc warlord
 24372 | Orc:4    | Killed an orc warlord
 24492 | Orc:4    | Received a gift from Trog
 24493 | Orc:4    | Got a transparent great mace {god gift}
 24494 | Orc:4    | Identified the great mace "Layq" {god gift, crush, rPois Stlth} (Trog gifted it to you on level 4 of the Orcish Mines)
 24576 | Orc:4    | Found Uskuacem's Antique Weapon Emporium.
 24583 | Orc:4    | Killed Psyche
 25088 | Orc:2    | Found a glowing golden altar of the Shining One.
 25095 | Orc:2    | Noticed Eustachio
 25111 | Orc:2    | Killed Eustachio
 25359 | Orc:4    | Bought a potion of heal wounds for 54 gold pieces
 25388 | Orc:4    | Bought an ichor-stained great mace for 322 gold pieces
 25389 | Orc:4    | Identified the great mace "Newtslayer" {freeze, rPois} (You bought it in a shop on level 4 of the Orcish Mines)
 25500 | Orc:4    | Found Shrear's Jewellery Boutique.
 25508 | Orc:4    | Received a gift from Trog
 25754 | Orc:4    | Bought an uncursed ring of protection from fire for 400 gold pieces
 25782 | Orc:4    | Found a staircase to the Elven Halls.
 25891 | Orc:4    | Found Blurau's Antique Armour Shop.
 25947 | Elf:1    | Entered Level 1 of the Elven Halls
 25959 | Elf:1    | Reached skill level 14 in Maces & Flails
 26331 | Elf:1    | Found a magical portal.
 26339 | WizLab   | Entered a wizard's laboratory
 26350 | WizLab   | Found a corrupted altar of Lugonu.
 26350 | WizLab   | Noticed an eldritch tentacle
 27252 | WizLab   | Found a corrupted altar of Lugonu.
 27653 | WizLab   | Found a corrupted altar of Lugonu.
 27761 | WizLab   | Reached XP level 15. HP: 85/94 MP: 12/14
 27918 | Elf:1    | Found Loulezal's Distillery.
 27925 | Elf:1    | Loulezal's Distillery was a mimic.
 27977 | Elf:1    | Reached skill level 15 in Maces & Flails
 28332 | Elf:1    | Received a gift from Trog
 29327 | Elf:2    | Received a gift from Trog
 30391 | Elf:2    | Noticed Fannar
 30398 | Elf:2    | Killed Fannar
 30612 | Elf:2    | Noticed a Hell Sentinel
 30626 | Elf:2    | Killed a Hell Sentinel
 30789 | Elf:3    | Entered Level 3 of the Elven Halls
 31165 | D:14     | Reached skill level 16 in Maces & Flails
 31173 | D:15     | Received a gift from Trog
 32697 | D:17     | Got an encrusted halberd
 32698 | D:17     | Identified the halberd of Gravity {freeze, +Inv} (You found it on level 17 of the Dungeon)
 32745 | D:17     | Reached skill level 1 in Evocations
 32957 | D:17     | Received a gift from Trog
 33030 | D:17     | Gained mutation: You cover ground quickly. [potion of beneficial mutation]
 33062 | D:17     | Reached XP level 16. HP: 86/102 MP: 16/18
 34378 | D:18     | Found a staircase to the Vaults.
 34557 | D:18     | Reached skill level 17 in Maces & Flails
 34964 | D:18     | Found a portal to a secret trove of treasure.
 35185 | D:19     | Noticed Rupert
 35207 | D:19     | Killed Rupert
 35250 | D:19     | Noticed Frances
 35790 | Vaults:1 | Entered Level 1 of the Vaults
 36768 | Vaults:1 | Received a gift from Trog
 36772 | Vaults:1 | Reached skill level 5 in Evocations
 37158 | Vaults:1 | Reached XP level 17. HP: 106/109 MP: 25/25
 37648 | Vaults:1 | Reached skill level 18 in Maces & Flails
 38181 | Vaults:1 | Received a gift from Trog
 38465 | Vaults:2 | Reached skill level 15 in Fighting
 40378 | Vaults:2 | Received a gift from Trog
 41042 | Vaults:3 | Found a staircase to the Crypt.
 41154 | Vaults:3 | Reached skill level 19 in Maces & Flails
 41753 | Vaults:3 | Reached skill level 1 in Polearms
 41969 | Vaults:3 | Reached XP level 18. HP: 54/116 MP: 15/28
 41988 | Vaults:3 | Found Gatasmux's Assorted Antiques.
 43001 | Vaults:3 | Received a gift from Trog
 43991 | Vaults:3 | Found Oqita's Antique Weapon Shop.
 44340 | Vaults:4 | Noticed Saint Roka
 44431 | Vaults:4 | Killed Saint Roka
 44459 | Vaults:4 | Received a gift from Trog
 44481 | Vaults:4 | Found a staircase to the Hall of Blades.
 44494 | Blade    | Entered the Hall of Blades
 44640 | Vaults:4 | Reached skill level 20 in Maces & Flails
 46163 | Vaults:4 | Received a gift from Trog
 46267 | Vaults:4 | Noticed Margery
 46289 | Vaults:4 | Noticed Mara
 46318 | Vaults:4 | Killed Mara
 46318 | Vaults:4 | Reached XP level 19. HP: 93/124 MP: 23/30
 46453 | Vaults:4 | Killed Margery
 47872 | Crypt:1  | Entered Level 1 of the Crypt
 47934 | Crypt:1  | Noticed Mennas
 47935 | Crypt:1  | Noticed Aizul
 48057 | Vaults:2 | Reached skill level 10 in Evocations
 48200 | D:20     | Entered Level 20 of the Dungeon
 48395 | D:19     | Killed Frances
 48395 | D:19     | Reached skill level 21 in Maces & Flails
 48507 | D:19     | Reached skill level 15 in Armour
 50307 | D:20     | Received a gift from Trog
 50968 | D:21     | Found a gateway to Hell.
 51039 | D:21     | Noticed Agnes
 51049 | D:21     | Killed Agnes
 51315 | D:21     | Found a one-way gate to the infinite horrors of the Abyss.
 51484 | D:21     | Found a one-way gate leading to the halls of Pandemonium.
 52112 | D:21     | Received a gift from Trog
 52658 | D:22     | Reached XP level 20. HP: 67/132 MP: 17/32
 53071 | D:22     | Gained mutation: You can spit poison. [potion of beneficial mutation]
 53387 | D:22     | Received a gift from Trog
 55132 | Lair:4   | Received a gift from Trog
 55415 | Lair:4   | Found a staircase to the Swamp.
 55658 | Lair:5   | Got a pitted bone ring
 56339 | Lair:1   | Identified the ring of Ciut {rF+ rN+ MR++ Int+2} (You found it on level 5 of the Lair of Beasts)
 56551 | Lair:5   | Found a staircase to the Snake Pit.
 56627 | Lair:5   | Received a gift from Trog
 56799 | Snake:1  | Entered Level 1 of the Snake Pit
 56832 | Snake:1  | Reached skill level 22 in Maces & Flails
 57687 | Snake:2  | Received a gift from Trog
 58470 | Lair:5   | Reached skill level 10 in Dodging
 59825 | Snake:4  | Received a gift from Trog
 59837 | Snake:4  | Got a tattered robe
 60140 | Snake:4  | Got a crude animal skin
 60308 | Snake:5  | Entered Level 5 of the Snake Pit
 61387 | Trove    | Entered a treasure trove
 61412 | Trove    | Got an ancient wooden ring
 61416 | Trove    | Got a glittering pewter ring
 61446 | Trove    | Got a fine platinum amulet
 62493 | Snake:5  | Identified the amulet of Freuprit {Stasis Str+2 Int+4} (You found it in a treasure trove)
 62577 | Snake:5  | Got a dazzling plate armour
 62612 | Snake:5  | Received a gift from Trog
 63057 | Snake:4  | Identified the +9 plate armour of the Abyss {Dex+3} (You found it on level 5 of the Snake Pit)
 63133 | Snake:5  | Reached XP level 21. HP: 111/139 MP: 32/33
 63371 | Snake:5  | Got a serpentine rune of Zot
 63649 | Snake:5  | Received a gift from Trog
 64793 | Lair:7   | Got an encrusted great mace
 64794 | Lair:7   | Identified the great mace of the Common Good {drain, +Inv MR++} (You found it on level 7 of the Lair of Beasts)
 64964 | Lair:7   | Found a burning altar of Makhleb.
 65303 | Lair:8   | Entered Level 8 of the Lair of Beasts
 65377 | Lair:8   | Received a gift from Trog
 65644 | Lair:8   | Found a staircase to the Slime Pits.
 65871 | Lair:8   | Received a gift from Trog
 66456 | Swamp:1  | Entered Level 1 of the Swamp
 66469 | Swamp:1  | Noticed Erica
 66522 | Swamp:1  | Killed Erica
 66560 | Swamp:1  | Noticed Roxanne
 66566 | Swamp:1  | Killed Roxanne
 66615 | Swamp:1  | Identified the ring "Shrulai" {Fire Str+4 Dex+3} (You found it in a treasure trove)
 66703 | Swamp:1  | Noticed Snorg
 66709 | Swamp:1  | Killed Snorg
 67522 | Swamp:2  | Reached skill level 23 in Maces & Flails
 67874 | Swamp:3  | Noticed Norris
 67932 | Swamp:4  | Received a gift from Trog
 68444 | Swamp:3  | Killed Norris
 68503 | Swamp:3  | Identified the ring of Shik {Fire Stlth+} (You found it in a treasure trove)
 69900 | Swamp:5  | Entered Level 5 of the Swamp
 69985 | Swamp:5  | Received a gift from Trog
 70166 | Swamp:5  | Got a decaying rune of Zot
 70871 | Lair:1   | Identified 2 scrolls of acquirement
 70876 | Lair:1   | Identified a +0 pair of orcish boots of running (You acquired it on level 1 of the Lair of Beasts)
 70880 | Lair:1   | Got a faintly humming shield
 70888 | Lair:1   | Identified the +4 shield "Biazot" {rF+} (You acquired it on level 1 of the Lair of Beasts)
 71071 | Orc:4    | Bought an uncursed ring of positive energy for 320 gold pieces
 71176 | Elf:3    | Found Stextom's Food Shoppe.
 71190 | Elf:3    | Found Wuiggog's Weapon Emporium.
 71408 | Elf:3    | Noticed Jorgrun
 71420 | Elf:3    | Killed Jorgrun
 71483 | Elf:3    | Received a gift from Trog
 71638 | Elf:3    | Reached XP level 22. HP: 147/147 MP: 35/35
 71786 | Elf:3    | Noticed Kirke
 71807 | Elf:3    | Killed Kirke
 72528 | Elf:3    | Noticed a deep elf sorcerer
 72535 | Elf:3    | Noticed Nikola
 72669 | Elf:3    | Killed a deep elf sorcerer
 73215 | Elf:3    | Noticed Azrael
 73232 | Elf:3    | Killed Azrael
 73451 | Elf:3    | Killed Nikola
 73451 | Elf:3    | Received a gift from Trog
 73496 | Elf:3    | Killed a deep elf sorcerer
 73901 | Elf:3    | Got an ancient dire flail
 73902 | Elf:3    | Identified the dire flail "Ifriasio" {elec, Stlth++} (You found it on level 3 of the Elven Halls)
 74090 | Elf:3    | Got a smoking morningstar
 75102 | Vaults:5 | Entered Level 5 of the Vaults
 75112 | Vaults:4 | Reached skill level 24 in Maces & Flails
 75202 | Vaults:4 | Received a gift from Trog
 75462 | Vaults:3 | Killed Aizul
 75487 | Crypt:1  | Killed Mennas
 75786 | Crypt:1  | Noticed Donald
 75794 | Crypt:1  | Killed Donald
 77198 | Crypt:2  | Noticed Boris
 77219 | Crypt:2  | Killed Boris
 77376 | Crypt:2  | Reached XP level 23. HP: 144/156 MP: 34/35
 77434 | Crypt:2  | Noticed a greater mummy
 77438 | Crypt:2  | Noticed Khufu
 77438 | Crypt:2  | Noticed a greater mummy
 77890 | Crypt:2  | Killed a greater mummy
 77962 | Crypt:2  | Killed Khufu
 78110 | Crypt:2  | Killed a greater mummy
 78119 | Crypt:2  | Reached skill level 25 in Maces & Flails
 78122 | Crypt:2  | Found a staircase to the Tomb.
 78490 | Crypt:2  | Noticed Wiglaf
 78504 | Crypt:2  | Killed Wiglaf
 80627 | Crypt:4  | Received a gift from Trog
 81224 | Crypt:5  | Entered Level 5 of the Crypt
 81228 | Crypt:5  | Noticed Xtahua
 81408 | Crypt:4  | Killed Xtahua
 81547 | Crypt:5  | Noticed Frederick
 81557 | Crypt:5  | Killed Frederick
 81566 | Crypt:5  | Reached XP level 24. HP: 149/168 MP: 32/36
 81891 | Crypt:5  | Noticed an ancient lich
 81905 | Crypt:5  | Killed an ancient lich
 81905 | Crypt:5  | Reached skill level 26 in Maces & Flails
 81960 | Crypt:5  | Got a +10,+10 bloodstained hand axe {flame}
 81961 | Crypt:5  | Identified the +10,+10 hand axe of Noiqo {flame, +Blink rElec rC+ Dex+4} (You found it on level 5 of the Crypt)
 81961 | Crypt:5  | Identified the +10,+10 hand axe of Noiqo {flame, +Blink rElec rC+ Dex+4} (You found it on level 5 of the Crypt)
 82220 | Crypt:4  | Paralysed by a vampire knight for 3 turns
 83570 | Crypt:5  | Identified a +1 rod of fiery destruction (10/10) (You took it off a skeletal warrior on level 5 of the Crypt)
 84447 | Tomb:1   | Entered Level 1 of the Tomb of the Ancients
 85199 | D:23     | Received a gift from Trog
 85200 | D:23     | Got a sapphire dire flail {god gift}
 85201 | D:23     | Identified the dire flail of Attainder {god gift, flame, Int+2} (Trog gifted it to you on level 23 of the Dungeon)
 85463 | D:23     | Noticed Sojobo
 85488 | D:23     | Killed Sojobo
 86231 | D:24     | Received a gift from Trog
 86376 | D:24     | Reached XP level 25. HP: 101/176 MP: 25/36
 86792 | D:24     | Reached skill level 27 in Maces & Flails
 87002 | D:24     | Received a gift from Trog
 87332 | D:25     | Entered Level 25 of the Dungeon
 87569 | D:25     | Found a shimmering altar of Xom.
 87651 | D:25     | Found a basalt altar of Yredelemnul.
 87656 | D:25     | Upgraded the game from 0.13-b1-52-g3dd6219 to 0.13.0
 88182 | D:25     | Received a gift from Trog
 89362 | D:25     | Received a gift from Trog
 89907 | D:25     | Found a shattered altar of Ashenzari.
 89955 | D:25     | Found a burning altar of Makhleb.
 90120 | D:25     | Got a +7,+6 brightly glowing dagger {freeze}
 90121 | D:25     | Identified the +7,+6 dagger "Spider's Nightmare" {freeze, Str+1} (You took it off a deep elf demonologist on level 25 of the Dungeon)
 90121 | D:25     | Identified the +7,+6 dagger "Spider's Nightmare" {freeze, Str+1} (You took it off a deep elf demonologist on level 25 of the Dungeon)
 91726 | D:26     | Received a gift from Trog
 91792 | D:26     | Reached XP level 26. HP: 178/187 MP: 37/37
 91948 | D:26     | Got an uncursed polished morningstar
 91949 | D:26     | Identified the morningstar of Supply {crush, Dex-3} (You took it off a yaktaur captain on level 26 of the Dungeon)
 92533 | D:26     | Received a gift from Trog
 92764 | D:27     | Entered Level 27 of the Dungeon
 93731 | D:27     | Received a gift from Trog
 94930 | D:27     | Found a sparkling altar of Nemelex Xobeh.
 95988 | Vaults:4 | Reached XP level 27. HP: 146/198 MP: 27/38
 96271 | Vaults:5 | Received a gift from Trog
 96539 | Vaults:5 | Got a silver rune of Zot
 96643 | Vaults:5 | Identified a +9 rod of the swarm (11/11) (You found it on level 5 of the Vaults)
 97239 | Vaults:5 | Got a polished plate armour
 97392 | Vaults:5 | Identified the cursed -5 plate armour of Untruth {Acc+5} (You found it on level 5 of the Vaults)
 97422 | Vaults:5 | Received a gift from Trog
 97966 | Vaults:5 | Got an ancient short sword
 97967 | Vaults:5 | Identified the short sword "Murmur" {slice, rC+} (You found it on level 5 of the Vaults)
 98247 | Vaults:5 | Received a gift from Trog
 98395 | Vaults:5 | Got a vibrating brass amulet
 98396 | Vaults:5 | Identified the amulet of Night {Cons -Cast +Rage Dex+4 SInv} (You found it on level 5 of the Vaults)
100312 | Slime:1  | Entered Level 1 of the Pits of Slime
100686 | Slime:2  | Paralysed by a giant eyeball for 3 turns
100695 | Slime:2  | Paralysed by a giant eyeball for 3 turns
101033 | Slime:1  | Gained mutation: Your magical capacity is low (-10% MP). [a shining eye]
101653 | Slime:2  | Reached skill level 10 in Shields
101678 | Slime:3  | Received a gift from Trog
101679 | Slime:3  | Got a fine eveningstar {god gift}
101697 | Slime:3  | Identified the eveningstar of Doom {god gift, drain, rElec} (Trog gifted it to you on level 3 of the Pits of Slime)
101801 | Slime:3  | Gained mutation: Your body is slowly deteriorating. [a shining eye]
101809 | Slime:3  | Gained mutation: Your vision is a little blurry. [a shining eye]
102024 | Slime:4  | Paralysed by a giant eyeball for 2 turns
103763 | Slime:3  | Found a viscous altar of Jiyva.
104514 | Slime:6  | Entered Level 6 of the Pits of Slime
104900 | Slime:6  | Received a gift from Trog
105079 | Slime:6  | Found a viscous altar of Jiyva.
105402 | Slime:6  | Noticed the royal jelly
110053 | Slime:5  | Paralysed by a giant eyeball for 4 turns
111027 | Slime:6  | Killed the royal jelly
111027 | Slime:6  | Reached skill level 15 in Shields
111458 | Slime:3  | Lost mutation: You cover ground quickly. [a shining eye]
111465 | Slime:3  | Gained mutation: You possess an exceptional clarity of mind. [a shining eye]
111920 | Slime:6  | Got a slimy rune of Zot
112038 | Slime:6  | Got a twitching copper ring
112039 | Slime:6  | Identified the ring "Klent" {rF+ Str+2 Int+4} (You found it on level 6 of the Pits of Slime)
112074 | Slime:6  | Got a pair of warped boots
112076 | Slime:6  | Identified the cursed -3 pair of boots of Integrity {Str+3 Int-3} (You found it on level 6 of the Pits of Slime)
112799 | Zot:1    | Entered Level 1 of the Realm of Zot
114292 | Zot:2    | Received a gift from Trog
116355 | Hell     | Entered the Vestibule of Hell
116355 | Hell     | Noticed Geryon
116377 | Hell     | Killed Geryon
116377 | Hell     | Received a gift from Trog
117364 | Hell     | Received a gift from Trog
118074 | Tar:1    | Entered Level 1 of Tartarus
119292 | Tar:2    | Received a gift from Trog
120679 | D:21     | Voluntarily entered the Abyss.
121174 | Abyss:3  | Found a corrupted altar of Lugonu.
121485 | Abyss:5  | Entered Level 5 of the Abyss
121491 | Abyss:5  | Found a corrupted altar of Lugonu.
121943 | Abyss:5  | Received a gift from Trog
121958 | Abyss:5  | Reached skill level 15 in Dodging
122497 | Abyss:5  | Found a corrupted altar of Lugonu.
122707 | Abyss:5  | Got an abyssal rune of Zot
122974 | D:21     | Escaped the Abyss
123601 | Tomb:1   | Got a shimmering silver ring
123628 | Tomb:1   | Identified the ring of Uzasin {Contam rC+} (You found it on level 1 of the Tomb of the Ancients)
131171 | Tomb:1   | Noticed a greater mummy
131174 | Tomb:1   | Killed a greater mummy
131174 | Tomb:1   | Received a gift from Trog
131260 | Tomb:1   | Noticed a greater mummy
131294 | Tomb:1   | Killed a greater mummy
131360 | Tomb:1   | Noticed a greater mummy
131406 | Tomb:1   | Killed a greater mummy
131534 | Tomb:1   | Noticed a greater mummy
131606 | Tomb:1   | Killed a greater mummy
131838 | Tomb:1   | Noticed a greater mummy
131869 | Tomb:1   | Killed a greater mummy
131949 | Tomb:1   | Noticed a greater mummy
131968 | Tomb:1   | Killed a greater mummy
132089 | Tomb:1   | Noticed a greater mummy
132101 | Tomb:1   | Killed a greater mummy
132121 | Tomb:1   | Noticed a greater mummy
132126 | Tomb:1   | Killed a greater mummy
132128 | Tomb:1   | Noticed a greater mummy
132144 | Tomb:1   | Killed a greater mummy
132666 | Tomb:3   | Entered Level 3 of the Tomb of the Ancients
135300 | Tomb:3   | Got a faintly glowing graven amulet
135340 | Tomb:3   | Got a heavily runed jade ring
135428 | Tomb:3   | Identified the ring of Fritoor {rElec rC+} (You found it on level 3 of the Tomb of the Ancients)
135432 | Tomb:3   | Identified the amulet "Ecsynaow" {Cons rElec Dam+5} (You found it on level 3 of the Tomb of the Ancients)
136234 | Tomb:3   | Got a golden rune of Zot
136674 | Tomb:3   | Got a heavily runed ice dragon armour
136676 | Tomb:3   | Identified the +8 ice dragon armour of Fun and Games {rF- rC++ Str-2 Int-5} (You found it on level 3 of the Tomb of the Ancients)
137019 | Tomb:1   | Noticed a greater mummy
137029 | Tomb:1   | Killed a greater mummy
138680 | Pan      | Entered Pandemonium
138956 | Pan      | Noticed Roifem the pandemonium lord
138968 | Pan      | Killed Roifem the pandemonium lord
139492 | Pan      | Gained mutation: Your muscles are strong. (Str +2) [a neqoxec]
139493 | Pan      | Gained mutation: You are partially covered in icy blue scales (AC +1). [a neqoxec]
139500 | Pan      | Gained mutation: Your magical capacity is very low (-20% MP). [a neqoxec]
139654 | Pan      | Noticed Gheitit the pandemonium lord
140156 | Pan      | Noticed Ekiob the pandemonium lord
140160 | Pan      | Killed Ekiob the pandemonium lord
140990 | D:21     | Escaped Pandemonium
141031 | D:21     | Voluntarily entered the Abyss.
141216 | Abyss:1  | Noticed an ancient lich
141226 | Abyss:1  | Killed an ancient lich
142014 | Abyss:1  | Found a roughly hewn altar of Beogh.
142071 | Abyss:1  | Received a gift from Trog
142992 | Abyss:1  | Found an iron altar of Okawaru.
143181 | Abyss:1  | Paralysed by you for 5 turns
143452 | D:21     | Escaped the Abyss
143454 | D:21     | Voluntarily entered the Abyss.
143475 | D:21     | Escaped the Abyss
143477 | D:21     | Voluntarily entered the Abyss.
143622 | D:21     | Escaped the Abyss
143624 | D:21     | Voluntarily entered the Abyss.
143906 | Abyss:1  | Received a gift from Trog
144666 | Abyss:1  | Found a corrupted altar of Lugonu.
145150 | D:21     | Escaped the Abyss
145422 | Zot:3    | Received a gift from Trog
145423 | Zot:3    | Got an encrusted trident {god gift}
145424 | Zot:3    | Identified the trident of the Peculiar Moons {god gift, slay drac, Str-3} (Trog gifted it to you on level 3 of the Realm of Zot)
145552 | Zot:3    | Identified a +6 rod of venom (9/9) (You found it on level 3 of the Realm of Zot)
145875 | Zot:3    | Noticed an orb of fire
145929 | Zot:3    | Gained mutation: Your body is deteriorating. [an orb of fire]
145932 | Zot:3    | Killed an orb of fire
146991 | Zot:4    | Got a smoking jade ring
147006 | Zot:4    | Identified the ring "Guwyddanu" {rF+ MP+9} (You found it on level 4 of the Realm of Zot)
147088 | Zot:4    | Noticed an orb of fire
147091 | Zot:4    | Gained mutation: You occasionally shout uncontrollably. [an orb of fire]
147102 | Zot:4    | Killed an orb of fire
148545 | Zot:5    | Entered Level 5 of the Realm of Zot
148604 | Zot:5    | Received a gift from Trog
148842 | Zot:5    | Got a brightly glowing helmet
148846 | Zot:5    | Identified the +2 helmet of Udeuceb {rF+} (You acquired it on level 5 of the Realm of Zot)
149020 | Zot:5    | Gained mutation: You passively map a small area around you. [potion of beneficial mutation]
149274 | Zot:5    | Identified a +1 cloak of preservation (You took it off a black draconian on level 5 of the Realm of Zot)
149348 | Zot:5    | Noticed an ancient lich
149351 | Zot:5    | Noticed an orb of fire
149354 | Zot:5    | Noticed an orb of fire
149357 | Zot:5    | Killed an ancient lich
149360 | Zot:5    | Gained mutation: Your vision is quite blurry. [an orb of fire]
149362 | Zot:5    | Gained mutation: Your magical capacity is extremely low (-30% MP). [an orb of fire]
149372 | Zot:5    | Gained mutation: You are clumsy. (Dex -2) [an orb of fire]
149376 | Zot:5    | Killed an orb of fire
149391 | Zot:5    | Killed an orb of fire
149582 | Zot:5    | Noticed an ancient lich
149604 | Zot:5    | Killed an ancient lich
149850 | Zot:5    | Noticed an orb of fire
149861 | Zot:5    | Killed an orb of fire
149882 | Zot:5    | Noticed an ancient lich
149893 | Zot:5    | Killed an ancient lich
150301 | Zot:5    | Got the Orb of Zot
150336 | Zot:5    | Noticed an ancient lich
150345 | Zot:5    | Killed an ancient lich
150758 | Zot:3    | Gained mutation: Your vision is extremely blurry. [a cacodemon]
150767 | Zot:2    | Gained mutation: Armour fits poorly on your strangely shaped body. [a cacodemon]
150970 | Zot:1    | Reached skill level 27 in Shields
151048 | Zot:1    | Noticed Suny the pandemonium lord
151068 | Zot:1    | HP: 7/200 [Brimstone Fiend/blast of hellfire[Suny] (45)]
151143 | D:27     | Noticed Iguar the pandemonium lord
151154 | D:27     | Killed Iguar the pandemonium lord
151503 | D:27     | Noticed Wiacikia the pandemonium lord
151523 | D:27     | Killed Wiacikia the pandemonium lord
152093 | D:10     | Received a gift from Trog
152310 | D:$      | Escaped with the Orb!

Action                   |  1- 3 |  4- 6 |  7- 9 | 10-12 | 13-15 | 16-18 | 19-21 | 22-24 | 25-27 || total
-------------------------+-------+-------+-------+-------+-------+-------+-------+-------+-------++-------
Melee: Mace              |   118 |   167 |   110 |       |       |       |       |       |       ||   395
       Flail             |       |       |   302 |   597 |       |       |       |       |       ||   899
       Short sword       |       |       |       |    39 |       |       |       |       |       ||    39
       Hand axe          |       |       |       |     8 |       |       |       |    64 |   224 ||   296
       Broad axe         |       |       |       |   358 |    68 |       |       |       |       ||   426
       Great mace        |       |       |       |       |  1142 |  1289 |  2337 |  1526 |  3966 || 10260
       Halberd           |       |       |       |       |       |     8 |       |       |       ||     8
       Great sword       |       |       |       |       |       |     4 |     5 |       |       ||     9
       Eveningstar       |       |       |       |       |       |       |    84 |       |  2674 ||  2758
       Dire flail        |       |       |       |       |       |       |       |     8 |    16 ||    24
       Unarmed           |       |       |       |       |       |       |       |       |    48 ||    48
       Rod               |       |       |       |       |       |       |       |       |     6 ||     6
Throw: Dagger            |       |     3 |     1 |     2 |       |       |       |       |       ||     6
       Hand axe          |       |     1 |       |     1 |       |       |       |       |     1 ||     3
       Dart              |       |       |    10 |     3 |       |       |       |       |       ||    13
       Javelin           |       |       |     6 |    24 |     9 |       |       |       |       ||    39
       Spear             |       |       |       |    14 |       |       |       |       |       ||    14
Invok: Berserk           |       |     3 |     6 |     6 |     3 |     4 |     1 |       |     4 ||    27
       Brothers in Arms  |       |       |     2 |     5 |     4 |    11 |     6 |     5 |    16 ||    49
       Burn Spellbooks   |       |       |       |       |       |       |       |     2 |     2 ||     4
 Abil: Evoke Invisibilit |       |       |       |       |       |       |     1 |       |       ||     1
       Fly               |       |       |       |       |       |       |     2 |     1 |     2 ||     5
       Stop Flying       |       |       |       |       |       |       |     2 |     1 |     2 ||     5
       Evoke Blink       |       |       |       |       |       |       |       |     1 |       ||     1
Evoke: Wand              |       |     2 |     1 |     4 |     3 |     1 |     9 |     8 |     7 ||    35
       Miscellaneous     |       |       |       |     1 |       |       |       |       |     4 ||     5
       Rod               |       |       |       |       |       |       |       |     1 |     2 ||     3
  Use: Scroll            |       |       |     5 |     9 |     9 |     9 |    28 |    12 |    48 ||   120
       Potion            |       |       |     1 |     2 |     4 |     6 |     3 |       |    20 ||    36
 Stab: Sleeping          |       |     3 |       |       |       |       |       |       |       ||     3
       Fleeing           |       |       |       |       |       |     1 |       |       |     4 ||     5
       Distracted        |       |       |       |       |       |       |     3 |       |     4 ||     7
       Paralysed         |       |       |       |       |       |       |       |     1 |     1 ||     2
       Confused          |       |       |       |       |       |       |       |       |     2 ||     2
       Held in net/web   |       |       |       |       |       |       |       |       |     1 ||     1
